 Dungeon Sprint DCSS version 0.28-a0-622-gbaef9634d7 (webtiles) character file.

Game seed: 10856642924618903726

7269 SkeletonJelly the Swashbuckler (level 10, -18/97 HPs)
             Began as a Minotaur Gladiator on Oct 8, 2021.
             Was a Follower of Uskayaw.
             Demolished by a catoblepas (25 damage)
             ... in the Dungeon (Sprint IX: "|||||||||||||||||||||||||||||").
             The game lasted 00:04:44 (2101 turns).

SkeletonJelly the Swashbuckler (Minotaur Gladiator) Turns: 2101, Time: 00:04:44

Health: -18/97     AC: 10    Str: 19    XL:     10   Next: 89%
Magic:  19/19      EV: 13    Int:  8    God:    Uskayaw [*.....]
Gold:   0          SH:  0    Dex: 18    Spells: 9/9 levels left

rFire   . . .      SeeInvis .   p - +2 rapier (venom)
rCold   . . .      Faith    .   (no shield)
rNeg    . . .      Spirit   .   s - +1 scale mail
rPois   .          Reflect  .   c - +0 hat
rElec   .          Harm     .   (no cloak)
rCorr   .          Rampage  .   (no gloves)
Will    .....      NoTele   +   (no boots)
Stlth   +++.......              (no amulet)
HPRegen 0.26/turn               t - +3 ring of dexterity
MPRegen 0.16/turn               u - +3 ring of intelligence

@: no status effects
A: horns 2, retaliatory headbutt
a: Renounce Religion, Stomp


You were in the Dungeon.
You worshipped Uskayaw.
Uskayaw was pleased with you.
You visited 1 branch

Inventory:

Hand Weapons
 a - a +0 rapier
 m - a +2 halberd of holy wrath
 n - the +2 morningstar "Erchaum" {vamp, rPois rCorr}
   (You found it in the Dungeon)

   It occasionally heals its wielder for a portion of the damage dealt when it
   wounds a living foe.
   rPois:     It protects you from poison.
   rCorr:     It protects you from acid and corrosion.
 o - a +4 quarterstaff of speed
 p - a +2 rapier of venom (weapon)
 q - a +2 scimitar of protection
 r - a +3 vorpal war axe
Missiles
 d - 3 throwing nets (quivered)
Armour
 b - a +0 leather armour
 c - a +0 hat (worn)
 s - a +1 scale mail (worn)
Jewellery
 t - a +3 ring of dexterity (left hand)
 u - a +3 ring of intelligence (right hand)
Wands
 l - a wand of acid (3)
Scrolls
 j - 3 scrolls of blinking
 k - 2 scrolls of amnesia
 w - a scroll of enchant weapon
 y - 2 scrolls of enchant armour
 z - 4 scrolls of identify
Potions
 e - 5 potions of curing
 f - 8 potions of heal wounds
 g - a potion of haste
 h - 4 potions of magic
 i - a potion of invisibility
 v - 2 potions of mutation
Miscellaneous
 x - a lightning rod (4/4)


   Skills:
 + Level 12.1 Fighting
 * Level 15.1 Short Blades
 - Level 2.0 Throwing
 + Level 11.4 Armour
 - Level 6.0 Dodging
 + Level 9.7 Stealth
 * Level 14.5 Invocations


You had 9 spell levels left.
You didn't know any spells.
Your spell library was empty.

Dungeon Overview and Level Annotations

Branches:
Dungeon (1/1)

Altars:
Cheibriados
Dithmenos
Elyvilon
Fedhas
Gozag
Hepliaklqana
Kikubaaqudgha
Makhleb
Nemelex Xobeh
Okawaru
Qazlal
Ru
Sif Muna
Trog
Uskayaw
Vehumet
Wu Jian
Xom
Yredelemnul
Zin
The Shining One
Beogh
Jiyva
Lugonu


Innate Abilities, Weirdness & Mutations

You have a pair of horns on your head.
You reflexively headbutt those who attack you in melee.


Message History

The blast of calcifying dust hits the yak but does no damage.
The blast of calcifying dust hits the yak.
The blast of calcifying dust hits you.
The yak is engulfed in calcifying dust.
The yak is moving more slowly.
You take 15 damage, and have 73/97 hp.
You puncture the yak!
You kill the yak!
You are engulfed in calcifying dust.
You are slowing down.
Unknown command.
You are engulfed in calcifying dust.
Your limbs have turned to stone.
You have turned to stone.
You are engulfed in calcifying dust. x3
The catoblepas gores you!
The catoblepas gores you but does no damage.
The catoblepas gores you.
You can no longer pass through a line of other dancers.
The catoblepas breathes a plume of calcifying dust at you.
The blast of calcifying dust hits you but does no damage.
You are engulfed in calcifying dust.
The catoblepas gores you!
You are engulfed in calcifying dust.
The catoblepas breathes a plume of calcifying dust at you.
The blast of calcifying dust hits you.
You turn to flesh and can move again.
You take 11 damage, and have 62/97 hp.
Unknown command.
Unknown command.
Unknown command.
Unknown command.
Unknown command.
You puncture the catoblepas!
The catoblepas is poisoned.
The catoblepas is lightly wounded.
You are engulfed in calcifying dust.
The catoblepas gores you!
You take 14 damage, and have 48/97 hp.
You puncture the catoblepas!
The catoblepas looks as sick as possible!
You headbutt the catoblepas.
The catoblepas is moderately wounded.
You are engulfed in calcifying dust.
You are slowing down.
Unknown command.
Unknown command.
Unknown command.
Unknown command.
Unknown command.
You hit the catoblepas but do no damage.
You headbutt the catoblepas, but do no damage.
The catoblepas is moderately wounded.
You are engulfed in calcifying dust.
The catoblepas gores you!
You take 6 damage, and have 42/97 hp.
You puncture the catoblepas! You headbutt the catoblepas!
The catoblepas is heavily wounded.
You are engulfed in calcifying dust.
The catoblepas gores you!!
* * * LOW HITPOINT WARNING * * *
Your limbs are stiffening.
You can now pass through a line of other dancers.
You take 16 damage, and have 26/97 hp.
You feel much better.
You are engulfed in calcifying dust.
Your limbs have turned to stone.
The catoblepas gores you!
You have turned to stone.
The catoblepas gores you.
The catoblepas breathes a plume of calcifying dust at you.
The blast of calcifying dust hits you!
You are engulfed in calcifying dust.
The catoblepas breathes a plume of calcifying dust at you.
The blast of calcifying dust hits you.
You are engulfed in calcifying dust.
The yak is no longer petrified.
The catoblepas gores you.
You can no longer pass through a line of other dancers.
You are engulfed in calcifying dust.
The catoblepas breathes a plume of calcifying dust at you.
The blast of calcifying dust hits you.
You are engulfed in calcifying dust.
A yak comes into view.
The catoblepas gores you!!
* * * LOW HITPOINT WARNING * * *
The yak bellows!
The catoblepas gores you!!
* * * LOW HITPOINT WARNING * * *
The catoblepas gores you!
* * * LOW HITPOINT WARNING * * *
The catoblepas barely misses you.
You turn to flesh and can move again.
You take 19 damage, and have 7/97 hp.
Unknown command.
Unknown command.
Aiming: Corrosive Bolt
Press: ? - help, Shift-Dir - straight line, f - catoblepas
Aim: a catoblepas (heavily wounded, very poisoned, 100% to hit)
The bolt of acid hits the catoblepas!
The acid corrodes the catoblepas!
The catoblepas is severely wounded.
The bolt of acid hits the death yak.
The acid corrodes the death yak!
The death yak is lightly wounded.
The bolt of acid misses the yak.
The bolt of acid hits the death yak.
The acid corrodes the death yak!
The death yak is lightly wounded.
The bolt of acid hits the death yak.
The acid corrodes the death yak!
The death yak is lightly wounded.
The catoblepas gores you!!
You die...

▓.▓.▓.▓
▓[▓.▓Y▓
▓[▓.▓Y▓
▓.▓.▓Y▓
▓.▓.▓Y▓
▓.▓.▓Y▓
▓.▓.▓Y▓
▓'▓.▓Y▓
▓_▓.▓@▓
▓_▓.▓.▓
▓_▓.▓.▓
▓_▓.▓÷▓
▓_▓.▓.▓
▓_▓.▓÷▓
▓_▓.▓.▓
▓_▓.▓.▓
▓_▓.▓.▓


You could see 3 death yaks, a catoblepas (very poisoned, corroded) and 3 yaks.

Vanquished Creatures
  2 hydras (D)
  A centaur warrior (D)
  2 ugly things (D)
  A manticore (D)
  4 black mambas (D)
  A cane toad (D)
  2 komodo dragons (D)
  A troll (D)
  A meliai (D)
  2 blink frogs (D)
  A yak (D)
  2 basilisks (D)
  A steam dragon (D)
  A vampire mosquito (D)
  2 water moccasins (D)
  A sky beast (D)
  5 centaurs (D)
  2 bullfrogs (D)
  An adder (D)
  An adder skeleton (D)
  An orc (D)
  A bat (D)
  An endoplasm (D)
  A giant cockroach (D)
  A goblin (D)
  A quokka (D)
  A quokka zombie (D)
41 creatures vanquished.

Notes
Turn   | Place    | Note
-------+----------+-------------------------------------------
     0 | D        | SkeletonJelly the Minotaur Gladiator began the quest for
                  | the Orb.
     0 | D        | Reached XP level 1. HP: 18/18 MP: 0/0
     7 | D        | Banished a spatial maelstrom
     8 | D        | Reached skill level 1 in Stealth
     9 | D        | Reached skill level 1 in Armour
    22 | D        | Noticed a centaur
    22 | D        | Noticed a sky beast
    27 | D        | Killed a sky beast
    28 | D        | Reached skill level 6 in Short Blades
    28 | D        | Reached XP level 2. HP: 28/28 MP: 1/1
    28 | D        | Reached XP level 3. HP: 34/34 MP: 2/2
    28 | D        | Reached XP level 4. HP: 41/41 MP: 3/3
    33 | D        | Killed a centaur
    34 | D        | Reached skill level 5 in Fighting
    34 | D        | Reached skill level 7 in Short Blades
    34 | D        | Reached skill level 5 in Dodging
    34 | D        | Reached skill level 5 in Stealth
    34 | D        | Reached XP level 5. HP: 48/48 MP: 4/4
    72 | D        | Found a snail-covered altar of Cheibriados.
    72 | D        | Found a shadowy altar of Dithmenos.
    72 | D        | Found a white marble altar of Elyvilon.
    72 | D        | Found a blossoming altar of Fedhas.
    72 | D        | Found an opulent altar of Gozag.
    73 | D        | Found a hazy altar of Hepliaklqana.
    74 | D        | Found a viscous altar of Jiyva.
    75 | D        | Found an ancient bone altar of Kikubaaqudgha.
    76 | D        | Found a corrupted altar of Lugonu.
    77 | D        | Found a burning altar of Makhleb.
    78 | D        | Found a sparkling altar of Nemelex Xobeh.
    79 | D        | Found an iron altar of Okawaru.
    80 | D        | Found a stormy altar of Qazlal.
    81 | D        | Found a sacrificial altar of Ru.
    82 | D        | Found a shimmering blue altar of Sif Muna.
    83 | D        | Found a bloodstained altar of Trog.
    84 | D        | Found a hide-covered altar of Uskayaw.
    85 | D        | Found a radiant altar of Vehumet.
    86 | D        | Found an ornate altar of the Wu Jian Council.
    87 | D        | Found a shimmering altar of Xom.
    88 | D        | Found a basalt altar of Yredelemnul.
    89 | D        | Found a glowing silver altar of Zin.
    90 | D        | Found a glowing golden altar of the Shining One.
    92 | D        | Became a worshipper of Uskayaw the Reveller
   107 | D        | Got the +2 morningstar "Erchaum" {vamp, rPois rCorr}
   130 | D        | Noticed a centaur
   130 | D        | Noticed a centaur
   130 | D        | Noticed a centaur
   130 | D        | Noticed a troll
   130 | D        | Noticed a centaur
   132 | D        | Reached * piety under Uskayaw
   133 | D        | Killed a centaur
   133 | D        | Reached ** piety under Uskayaw
   134 | D        | Reached skill level 5 in Invocations
   134 | D        | Killed a centaur
   134 | D        | Killed a centaur
   134 | D        | Reached *** piety under Uskayaw
   135 | D        | Reached skill level 5 in Armour
   135 | D        | Reached XP level 6. HP: 44/57 MP: 4/11
   135 | D        | Killed a troll
   135 | D        | Reached **** piety under Uskayaw
   136 | D        | Reached skill level 8 in Short Blades
   136 | D        | Reached XP level 7. HP: 50/64 MP: 4/12
   137 | D        | Reached skill level 9 in Short Blades
   210 | D        | Noticed a cyan ugly thing
   210 | D        | Noticed a manticore
   210 | D        | Noticed a centaur warrior
   210 | D        | Noticed a vampire mosquito
   210 | D        | Noticed a meliai
   210 | D        | Noticed a red ugly thing
   216 | D        | Killed a red ugly thing
   217 | D        | Reached skill level 10 in Invocations
   217 | D        | Reached XP level 8. HP: 13/74 MP: 12/14
   218 | D        | Killed a meliai
   218 | D        | Reached ***** piety under Uskayaw
   219 | D        | Reached skill level 10 in Short Blades
   554 | D        | Killed a centaur warrior
   555 | D        | Reached skill level 11 in Short Blades
   555 | D        | Reached XP level 9. HP: 21/83 MP: 14/16
   555 | D        | Killed a manticore
   557 | D        | Killed a cyan ugly thing
   558 | D        | Reached skill level 10 in Fighting
   558 | D        | Reached skill level 12 in Short Blades
   952 | D        | Noticed a komodo dragon
   952 | D        | Noticed a six-headed hydra
   952 | D        | Noticed a black mamba
   953 | D        | Noticed a black mamba
   961 | D        | Killed a black mamba
   964 | D        | Killed a black mamba
   965 | D        | Reached skill level 13 in Short Blades
  1310 | D        | Killed a six-headed hydra
  1311 | D        | Reached skill level 10 in Armour
  1311 | D        | Reached XP level 10. HP: 33/94 MP: 18/18
  1726 | D        | Noticed a black mamba
  1729 | D        | Noticed a cane toad
  1734 | D        | Reached skill level 14 in Short Blades
  1735 | D        | Noticed a black mamba
  1738 | D        | Noticed a six-headed hydra
  1740 | D        | Killed a cane toad
  1742 | D        | Killed a black mamba
  1750 | D        | Killed a black mamba
  1751 | D        | Reached ****** piety under Uskayaw
  1757 | D        | Killed a six-headed hydra
  1758 | D        | Reached skill level 15 in Short Blades
  2071 | D        | Noticed a death yak
  2071 | D        | Noticed a death yak
  2071 | D        | Noticed a death yak
  2071 | D        | Noticed a catoblepas
  2101 | D        | Demolished by a catoblepas

Illustrated notes

Levels and vault maps discovered:
D:        linesprint [early_d, line_temple, items_1, d_10, items_2, lair_1,
          lair_end, items_3, orc_1, orc_end, items_4, d_15, swamp_1, shoals_1,
          snake_1, spider_1, d_20, vaults_1, items_5, swamp_end, shoals_end,
          snake_end, spider_end, vaults_end, d_27, items_6, zot_1, zot_end,
          crypt_end, forest_end, elf_end, slime_end, tomb_end, abyss_end,
          pan_hell_end]

Skill      XL: |  1  2  3  4  5  6  7  8  9 10 |
---------------+-------------------------------+-----
Stealth        | 4 5 6 7 8 9 |  9.7
Armour         | 3 4 5 6 8 10 11 | 11.4
Fighting       | 4 5 6 7 9 10 12 | 12.1
Short Blades   | 6 7 8 9 11 13 15 | 15.1
Dodging        | 4 5 6 |  6.0
Invocations    | 8 10 11 13 14 | 14.5
Throwing       | |  2.0

Action                   |  1- 3 |  4- 6 |  7- 9 | 10-12 || total
-------------------------+-------+-------+-------+-------++-------
Melee: Rapier            |    10 |    12 |    42 |    51 ||   115
       Headbutt          |     2 |     4 |     8 |    19 ||    33
Invok: Grand Finale      |       |       |     1 |       ||     1
Evoke: Wand              |       |     3 |     3 |     1 ||     7
  Use: Potion            |     1 |       |     1 |     1 ||     3
       Scroll            |       |       |     2 |       ||     2
 Stab: Paralysed         |       |     1 |     7 |     3 ||    11
Armor: Leather armour    |     2 |     3 |       |       ||     5
       Scale mail        |       |     1 |    11 |     5 ||    17
Dodge: Dodged            |     4 |    14 |    23 |    23 ||    64

Table legend: (Time is in decaauts)
 A = Elapsed time spent in this place.
 B = Non-inter-level travel time spent in this place.
 C = Inter-level travel time spent in this place.
 D = Time resting spent in this place.
 E = Time spent auto-exploring this place.
 F = Levels seen in this place.
 G = Mean time per level.
                   A        B        C        D        E       F      G
               +--------+--------+--------+--------+--------+-----+--------+
         Total |   2069 |   2069 |      0 |    311 |   1501 |   1 | 2069.0 |
       Dungeon |   2069 |   2069 |      0 |    311 |   1501 |   1 | 2069.0 |
               +--------+--------+--------+--------+--------+-----+--------+

Top non-repeatable levels by time:
       D: 2069 daAuts
